 Dungeon Crawl Stone Soup version 0.29.0-4-gdea44cf6ec (webtiles) character file.

Game seed: 13218864863636825938

1457 qw the Cleaver (level 8, 48/48 HPs)
             Began as a Tengu Warper on Aug 28, 2022.
             Quit the game on level 6 of the Dungeon.
             The game lasted 00:02:38 (6932 turns).

qw the Cleaver (Tengu Warper)                       Turns: 6932, Time: 00:02:39

Health: 48/48      AC: 23    Str: 23    XL:     8   Next: 76%
Magic:  12/12      EV: 10    Int: 12    God:
Gold:   210        SH:  4    Dex: 14    Spells: 11/11 levels left

rFire   + + .      SeeInvis +   d - +2 hand axe (vorpal)
rCold   . . .      Faith    .   r - +0 buckler
rNeg    . . .      Spirit   .   a - +8 chain mail of Pome Herri {rF++}
rPois   +          Reflect  .   (helmet restricted)
rElec   .          Harm     .   u - +0 cloak
rCorr   .          Rampage  .   b - +2 pair of gloves
Will    .....                   (boots unavailable)
Stlth   ..........              x - amulet of regeneration
HPRegen 0.96/turn               i - ring of see invisible
MPRegen 0.13/turn               k - +6 ring of strength

@: flying quickly and evasively, quick
A: beak, talons 3, nimble flight, antennae 1, iridescent scales 1, poison
resistance, strong 1
a: no special abilities


You were on level 6 of the Dungeon.
You visited 1 branch of the dungeon, and saw 6 of its levels.
You also visited: Sewer.

You collected 320 gold pieces.
You spent 110 gold pieces at shops.


Innate Abilities, Weirdness & Mutations

You have a beak for a mouth.
You have claws for feet.
Your magical nature lets you fly swiftly and evasively.
You have a pair of small antennae on your head.
You are partially covered in iridescent scales. (AC +2)
Your system is resistant to poisons. (rPois)
Your muscles are strong. (Str +4, Int/Dex -1)


   Skills:
 - Level 4.0 Fighting
 + Level 9.8 Axes
 - Level 2.0 Throwing
 - Level 3.3 Armour
 - Level 3.0 Dodging
 - Level 2.1 Shields
 - Level 2.0 Spellcasting
 - Level 2.4 Translocations


You had 11 spell levels left.
You didn't know any spells.
Your spell library contained the following spells:

 Spells                   Type           Power      Damage    Failure   Level
 Blink                    Tloc           12%        N/A       86%         2
 Gell's Gravitas          Tloc           6%         N/A       97%         3
 Lesser Beckoning         Tloc           6%         N/A       97%         3
 Teleport Other           Tloc           6%         N/A       97%         3
 Manifold Assault         Tloc           6%         N/A       100%        5

Inventory:

Hand Weapons
 d - a +2 vorpal hand axe (weapon)
 n - a +2 flail of holy wrath
Missiles
 h - 8 boomerangs (quivered)
 q - a javelin
Armour
 a - the +8 chain mail of Pome Herri (worn) {rF++}
   (You acquired it on level 1 of the Dungeon)

   rF:        It greatly protects you from fire.
 b - a +2 pair of gloves (worn)
 r - a +0 buckler (worn)
 u - a +0 cloak (worn)
Jewellery
 i - a ring of see invisible (left hand)
 k - a +6 ring of strength (right hand)
 s - a ring of positive energy
 t - a ring of resist corrosion
 x - an amulet of regeneration (around neck)
Scrolls
 f - 3 scrolls of identify
Potions
 c - 4 potions of mutation
 e - 2 potions of might
 g - 5 potions of curing
 j - a potion of resistance
 m - 2 potions of cancellation
 o - 2 potions of haste
 p - 4 potions of heal wounds

Dungeon Overview and Level Annotations

Branches:
Dungeon (6/15)             Temple (0/1) D:6           Sewer (visited)

Altars:
Dithmenos
Fedhas
Gozag
Trog
Yredelemnul

Shops:
D:2 (   D:3 ?   D:4 *


Message History

(D) Dungeon (T) Temple
Where to? (* - list waypoints, Enter - Temple, ? - help) Sorry, I don't know how to get there.
Done exploring.
6925 ||| Stepping randomly (stuck).
(D) Dungeon (T) Temple
Where to? (* - list waypoints, Enter - Temple, ? - help) Sorry, I don't know how to get there.
Done exploring.
6926 ||| Stepping randomly (stuck).
(D) Dungeon (T) Temple
Where to? (* - list waypoints, Enter - Temple, ? - help) Sorry, I don't know how to get there.
Done exploring.
6927 ||| Stepping randomly (stuck).
(D) Dungeon (T) Temple
Where to? (* - list waypoints, Enter - Temple, ? - help) Sorry, I don't know how to get there.
Done exploring.
6928 ||| Stepping randomly (stuck).
(D) Dungeon (T) Temple
Where to? (* - list waypoints, Enter - Temple, ? - help) Sorry, I don't know how to get there.
Done exploring.
6929 ||| Stepping randomly (stuck).
(D) Dungeon (T) Temple
Where to? (* - list waypoints, Enter - Temple, ? - help) Sorry, I don't know how to get there.
Done exploring.
6930 ||| Stepping randomly (stuck).
(D) Dungeon (T) Temple
Where to? (* - list waypoints, Enter - Temple, ? - help) Sorry, I don't know how to get there.
Done exploring.
6931 ||| Stepping randomly (stuck).
(D) Dungeon (T) Temple
Where to? (* - list waypoints, Enter - Temple, ? - help) Sorry, I don't know how to get there.
Done exploring.
Are you sure you want to abandon this character and quit the game? (Confirm with "yes".)

...................# #.#####.# #.
.#####........########...# #.# #.
.# #........# #.......)# #.# #.
## #........# #.####.>.# #.# #.
####.###.###.# #..#####.###. #.#
#..##.###.........##. ###.#
##.##.#..#......#..=. ###
###...####.##.#...........#..
#.#.!.####......@.........##.##..
..#.>.# #.#######..##.##..#.##..
.##...# #.# #####...#.#...#.##..
.##.#.# #.###.#.:.#.....#.......
.##...####.##.#).#.##...##..###.#
.##.>.#..#.#.###.#...._....####.#
..#...##....## ##..##...##....#.#
#.#### ###.#.###.#.#.....#...(..#
#.##.# ##....#......#.#....#.###


There were no monsters in sight!

Vanquished Creatures
  A black bear (D:6)
  An ogre (D:5)
  A centaur (D:5)
  3 scorpions (D:6)
  2 bullfrogs (D:6)
  2 howler monkeys (D:5)
  3 hounds
  3 jellies
  A gnoll bouda (D:5)
  3 iguanas
  A hell rat (Sewer)
  4 orc wizards
  12 gnolls
  12 adders
  5 river rats
  A shadow imp (D:6)
  A white imp (D:6)
  A worm (D:4)
  2 dart slugs
  26 orcs
  7 bats
  8 endoplasms
  6 giant cockroaches
  8 goblins
  3 hobgoblins
  2 jackals (D:5)
  5 kobolds
  2 quokkas
  3 ball pythons
  A frilled lizard (D:3)
  13 rats
143 creatures vanquished.

Vanquished Creatures (others)
  5 plants (D:4)
5 creatures vanquished.

Grand Total: 148 creatures vanquished

Notes
Turn   | Place    | Note
-------+----------+-------------------------------------------
     0 | D:1      | qw the Tengu Warper began the quest for the Orb.
     0 | D:1      | Reached XP level 1. HP: 12/12 MP: 4/4
     0 | D:1      | 0 ||| qw: Version: 0.1-a-89-g26bdef1
     0 | D:1      | 0 ||| qw: Game counter: 1805
     0 | D:1      | 0 ||| qw: Always use a shield: true
     0 | D:1      | 0 ||| qw: God list: Okawaru
     0 | D:1      | 0 ||| qw: Allow faded altars: false
     0 | D:1      | 0 ||| qw: Do Orc after D:15 true
     0 | D:1      | 0 ||| qw: Do second Lair branch before Depths: true
     0 | D:1      | 0 ||| qw: Lair rune preference: random
     0 | D:1      | 0 ||| qw: Plans: Normal
     0 | D:1      | 0 ||| PLANNING D:1-11
    19 | D:1      | Found a faded altar of an unknown god.
    83 | D:1      | 83 ||| Stepping ~*~*~tactically~*~*~ (hiding).
   220 | D:1      | Reached XP level 2. HP: 7/17 MP: 6/6
   471 | D:1      | Reached skill level 3 in Axes
   897 | D:1      | 897 ||| UPGRADING to ring of see invisible.
   898 | D:1      | 898 ||| UPGRADING to +6 ring of strength.
   899 | D:1      | 899 ||| DROPPING ring of wizardry.
   900 | D:1      | 900 ||| READING scroll labelled LOYROT OLIREDU.
   901 | D:1      | 901 ||| READING scroll labelled OLULO TAMEGGOI.
   901 | D:1      | Identified a scroll of acquirement
   901 | D:1      | 901 ||| ACQUIRING +8 chain mail of Pome Herri {rF++}
   901 | D:1      | Acquired the +8 chain mail of Pome Herri {rF++}
   903 | D:1      | 903 ||| UPGRADING to +8 chain mail of Pome Herri {rF++}.
   913 | D:1      | 913 ||| DROPPING +0 leather armour.
   914 | D:1      | 914 ||| READING 2 scrolls labelled FIABOKHLO DOGYIL.
   918 | D:1      | 918 ||| READING scroll labelled GIDENAL ELIETS.
   919 | D:1      | 919 ||| READING scroll labelled NYUWNO DASHI.
   920 | D:1      | 920 ||| DROPPING scroll of blinking.
   992 | D:2      | Reached XP level 3. HP: 21/21 MP: 7/7
  1059 | D:2      | 1059 ||| Stepping ~*~*~tactically~*~*~ (stealth).
  1067 | D:2      | 1067 ||| Stepping ~*~*~tactically~*~*~ (stealth).
  1080 | D:2      | Found Luefyuc's Weapon Shoppe.
  1088 | D:2      | Reached skill level 4 in Axes
  1091 | D:2      | 1091 ||| SHOPLISTING +0 war axe of venom (80 gold, have
                  | 27).
  1169 | D:2      | 1169 ||| Stepping ~*~*~tactically~*~*~ (stealth).
  1234 | D:2      | 1234 ||| DROPPING +0 club.
  1307 | D:2      | Found a blossoming altar of Fedhas.
  1315 | D:2      | 1315 ||| Stepping ~*~*~tactically~*~*~ (hiding).
  1603 | D:2      | 1603 ||| READING scroll labelled JOUMNY JISIDAKIA.
  1604 | D:2      | 1604 ||| READING 4 scrolls labelled EBETIA OSIYD.
  1605 | D:2      | 1605 ||| DRINKING 2 red potions.
  1606 | D:2      | 1606 ||| DRINKING 2 white potions.
  1606 | D:2      | Gained mutation: You have a pair of small antennae on your
                  | head. [potion of mutation]
  1606 | D:2      | Gained mutation: You do not regenerate when monsters are
                  | visible. [potion of mutation]
  1606 | D:2      | Gained mutation: You are agile. (Dex +4, Str/Int -1)
                  | [potion of mutation]
  1607 | D:2      | 1607 ||| DRINKING potion of mutation.
  1607 | D:2      | Lost mutation: You do not regenerate when monsters are
                  | visible. [potion of mutation]
  1607 | D:2      | Lost mutation: You have a pair of small antennae on your
                  | head. [potion of mutation]
  1607 | D:2      | Lost mutation: You are agile. (Dex +4, Str/Int -1) [potion
                  | of mutation]
  1607 | D:2      | Gained mutation: Your system is resistant to poisons.
                  | (rPois) [potion of mutation]
  1607 | D:2      | Gained mutation: You are partially covered in iridescent
                  | scales. (AC +2) [potion of mutation]
  1607 | D:2      | Gained mutation: You have a pair of small antennae on your
                  | head. [potion of mutation]
  1607 | D:2      | Gained mutation: Your muscles are strong. (Str +4, Int/Dex
                  | -1) [potion of mutation]
  1608 | D:2      | 1608 ||| DROPPING potion of degeneration.
  1609 | D:2      | 1609 ||| DROPPING 3 scrolls of fear.
  1644 | D:3      | Reached XP level 4. HP: 24/26 MP: 8/8
  1714 | D:3      | Reached skill level 5 in Axes
  1793 | D:3      | 1793 ||| FLEEEEING.
  1794 | D:3      | 1794 ||| FLEEEEING.
  1795 | D:3      | 1795 ||| FLEEEEING.
  1796 | D:3      | 1796 ||| FLEEEEING.
  1798 | D:3      | 1798 ||| STAIRDANCE
  1956 | D:3      | 1956 ||| STAIRDANCE
  2372 | D:3      | Found a blossoming altar of Fedhas.
  2372 | D:3      | Found a bloodstained altar of Trog.
  2374 | D:3      | Gained mutation: Your magical nature lets you fly swiftly
                  | and evasively. [Tengu growth]
  2374 | D:3      | Reached XP level 5. HP: 30/30 MP: 9/9
  2562 | D:3      | 2562 ||| Stepping ~*~*~tactically~*~*~ (stealth).
  2720 | D:3      | Found Maeguuxt's Magic Scroll Shoppe.
  2723 | D:3      | 2723 ||| SHOPLISTING 3 scrolls of enchant armour (247 gold,
                  | have 129).
  2723 | D:3      | 2723 ||| BUYING scroll of identify (22 gold).
  2723 | D:3      | Bought a scroll of identify for 22 gold pieces
  2723 | D:3      | 2723 ||| BUYING scroll of identify (22 gold).
  2723 | D:3      | Bought a scroll of identify for 22 gold pieces
  2723 | D:3      | 2723 ||| BUYING scroll of identify (22 gold).
  2723 | D:3      | Bought a scroll of identify for 22 gold pieces
  2723 | D:3      | 2723 ||| BUYING scroll of identify (22 gold).
  2723 | D:3      | Bought a scroll of identify for 22 gold pieces
  2723 | D:3      | 2723 ||| BUYING scroll of identify (22 gold).
  2723 | D:3      | Bought a scroll of identify for 22 gold pieces
  2723 | D:3      | 2723 ||| SHOPLISTING scroll of identify (22 gold, have 19).
  2790 | D:3      | 2790 ||| DROPPING orb of energy.
  2791 | D:3      | 2791 ||| READING 3 scrolls labelled WEIGAI JOUCH.
  2792 | D:3      | 2792 ||| DRINKING 3 viscous yellow potions.
  2793 | D:3      | 2793 ||| DRINKING 2 bubbling blue potions.
  2794 | D:3      | 2794 ||| READING 7 scrolls of identify.
  2794 | D:3      | 2794 ||| IDENTIFYING murky inky potion
  2795 | D:3      | 2795 ||| READING 6 scrolls of identify.
  2795 | D:3      | 2795 ||| IDENTIFYING green potion
  2796 | D:3      | 2796 ||| READING 5 scrolls of identify.
  2796 | D:3      | 2796 ||| IDENTIFYING viscous puce potion
  2797 | D:3      | 2797 ||| READING 4 scrolls of identify.
  2797 | D:3      | 2797 ||| IDENTIFYING blue potion
  2798 | D:3      | 2798 ||| READING 3 scrolls of identify.
  2798 | D:3      | 2798 ||| IDENTIFYING amethyst potion
  2799 | D:3      | 2799 ||| READING 2 scrolls of identify.
  2799 | D:3      | 2799 ||| IDENTIFYING black potion
  2800 | D:3      | 2800 ||| DROPPING 2 scrolls of fog.
  2801 | D:3      | 2801 ||| DROPPING potion of attraction.
  2802 | D:3      | 2802 ||| DROPPING potion of flight.
  2803 | D:3      | 2803 ||| DROPPING potion of brilliance.
  2844 | D:4      | Found Mogrobui's Mass Market.
  2845 | D:4      | 2845 ||| Stepping ~*~*~tactically~*~*~ (stealth).
  2862 | D:4      | 2862 ||| DROPPING +0 whip.
  2864 | D:4      | 2864 ||| SHOPLISTING +2 tower shield (198 gold, have 19).
  2872 | D:4      | 2872 ||| Stepping ~*~*~tactically~*~*~ (stealth).
  2874 | D:4      | 2874 ||| Stepping ~*~*~tactically~*~*~ (stealth).
  2875 | D:4      | 2875 ||| Stepping ~*~*~tactically~*~*~ (stealth).
  2876 | D:4      | 2876 ||| Stepping ~*~*~tactically~*~*~ (stealth).
  2879 | D:4      | 2879 ||| Stepping ~*~*~tactically~*~*~ (stealth).
  2880 | D:4      | 2880 ||| Stepping ~*~*~tactically~*~*~ (stealth).
  2884 | D:4      | 2884 ||| Stepping ~*~*~tactically~*~*~ (stealth).
  2885 | D:4      | 2885 ||| SWAPPING to +2 vorpal hand axe.
  2919 | D:4      | 2919 ||| DROPPING +0 hand axe.
  2956 | D:4      | Reached skill level 6 in Axes
  2960 | D:4      | 2960 ||| FLEEEEING.
  2970 | D:4      | 2970 ||| STAIRDANCE
  3034 | D:4      | 3034 ||| FLEEEEING.
  3035 | D:4      | 3035 ||| FLEEEEING.
  3036 | D:4      | 3036 ||| FLEEEEING.
  3037 | D:4      | 3037 ||| FLEEEEING.
  3038 | D:4      | 3038 ||| FLEEEEING.
  3039 | D:4      | 3039 ||| FLEEEEING.
  3040 | D:4      | 3040 ||| FLEEEEING.
  3041 | D:4      | 3041 ||| FLEEEEING.
  3042 | D:4      | 3042 ||| FLEEEEING.
  3043 | D:4      | 3043 ||| FLEEEEING.
  3044 | D:4      | 3044 ||| FLEEEEING.
  3047 | D:4      | 3047 ||| Stepping ~*~*~tactically~*~*~ (stealth).
  3049 | D:4      | 3049 ||| Stepping ~*~*~tactically~*~*~ (stealth).
  3052 | D:4      | Reached XP level 6. HP: 33/35 MP: 10/10
  3068 | D:4      | 3068 ||| DROPPING +0 flail.
  3114 | D:4      | 3114 ||| Stepping ~*~*~tactically~*~*~ (stealth).
  3213 | D:4      | 3213 ||| Stepping ~*~*~tactically~*~*~ (stealth).
  3277 | D:4      | Reached skill level 7 in Axes
  3440 | D:4      | Found an opulent altar of Gozag.
  3839 | D:4      | 3839 ||| UPGRADING to +0 pair of gloves.
  3844 | D:4      | 3844 ||| UPGRADING to +0 buckler.
  3849 | D:4      | 3849 ||| UPGRADING to +0 cloak.
  3854 | D:4      | 3854 ||| READING scroll of enchant armour.
  3854 | D:4      | 3854 ||| ENCHANTING +0 pair of gloves.
  3893 | D:5      | Entered Level 5 of the Dungeon
  4061 | D:5      | Reached skill level 1 in Shields
  4061 | D:5      | Reached XP level 7. HP: 40/40 MP: 11/11
  4121 | D:5      | 4121 ||| Stepping ~*~*~tactically~*~*~ (hiding).
  4123 | D:5      | 4123 ||| Stepping ~*~*~tactically~*~*~ (hiding).
  4128 | D:5      | Reached skill level 3 in Fighting
  4142 | D:5      | 4142 ||| Stepping ~*~*~tactically~*~*~ (stealth).
  4253 | D:5      | 4253 ||| Stepping ~*~*~tactically~*~*~ (stealth).
  4272 | D:5      | 4272 ||| Stepping ~*~*~tactically~*~*~ (stealth).
  4283 | D:5      | Reached skill level 8 in Axes
  4291 | D:5      | 4291 ||| Stepping ~*~*~tactically~*~*~ (stealth).
  4294 | D:5      | 4294 ||| Stepping ~*~*~tactically~*~*~ (stealth).
  4295 | D:5      | 4295 ||| Stepping ~*~*~tactically~*~*~ (hiding).
  4302 | D:5      | Reached skill level 3 in Armour
  4385 | D:5      | 4385 ||| Stepping ~*~*~tactically~*~*~ (stealth).
  4387 | D:5      | 4387 ||| Stepping ~*~*~tactically~*~*~ (stealth).
  4389 | D:5      | 4389 ||| Stepping ~*~*~tactically~*~*~ (hiding).
  4390 | D:5      | 4390 ||| Stepping ~*~*~tactically~*~*~ (hiding).
  4392 | D:5      | 4392 ||| Stepping ~*~*~tactically~*~*~ (hiding).
  4408 | D:5      | 4408 ||| Stepping ~*~*~tactically~*~*~ (stealth).
  4409 | D:5      | 4409 ||| Stepping ~*~*~tactically~*~*~ (stealth).
  4420 | D:5      | 4420 ||| FLEEEEING.
  4558 | D:5      | 4558 ||| Stepping ~*~*~tactically~*~*~ (stealth).
  4559 | D:5      | 4559 ||| Stepping ~*~*~tactically~*~*~ (hiding).
  4574 | D:5      | Reached XP level 8. HP: 46/46 MP: 12/12
  4833 | D:5      | 4833 ||| READING 2 scrolls of identify.
  4833 | D:5      | 4833 ||| IDENTIFYING bubbling pink potion
  4852 | D:6      | 4852 ||| PLANNING SEWER
  4977 | D:6      | 4977 ||| Stepping ~*~*~tactically~*~*~ (stealth).
  4988 | D:6      | Found a basalt altar of Yredelemnul.
  4990 | D:6      | 4990 ||| Stepping ~*~*~tactically~*~*~ (stealth).
  4994 | D:6      | 4994 ||| Stepping ~*~*~tactically~*~*~ (stealth).
  4997 | D:6      | 4997 ||| Stepping ~*~*~tactically~*~*~ (stealth).
  5004 | D:6      | Reached skill level 9 in Axes
  5162 | D:6      | Reached skill level 3 in Dodging
  5235 | D:6      | Found a glowing drain.
  5236 | D:6      | 5236 ||| UPGRADING to amulet of regeneration.
  5241 | D:6      | 5241 ||| READING 3 scrolls of identify.
  5241 | D:6      | 5241 ||| IDENTIFYING glowing inky potion
  5242 | D:6      | 5242 ||| READING 2 scrolls of identify.
  5242 | D:6      | 5242 ||| IDENTIFYING brown potion
  5243 | D:6      | 5243 ||| DROPPING potion of magic.
  5244 | D:6      | 5244 ||| DROPPING potion of invisibility.
  5252 | Sewer    | Entered a sewer
  5321 | Sewer    | 5321 ||| READING scroll of enchant armour.
  5321 | Sewer    | 5321 ||| ENCHANTING +1 pair of gloves.
  5351 | D:6      | 5351 ||| PLANNING D:1-11
  5416 | D:6      | Found a shadowy altar of Dithmenos.
  5450 | D:6      | 5450 ||| Stepping ~*~*~tactically~*~*~ (hiding).
  5611 | D:6      | Found a staircase to the Ecumenical Temple.
  5612 | D:6      | 5612 ||| PLANNING TEMPLE
  5639 | D:6      | 5639 ||| Stepping ~*~*~tactically~*~*~ (stealth).
  5909 | D:6      | 5909 ||| READING 6 scrolls of teleportation.
  5913 | D:6      | 5913 ||| READING 5 scrolls of teleportation.
  5916 | D:6      | 5916 ||| READING 4 scrolls of teleportation.
  5919 | D:6      | 5919 ||| READING 3 scrolls of teleportation.
  5922 | D:6      | 5922 ||| READING 2 scrolls of teleportation.
  5927 | D:6      | 5927 ||| READING scroll of teleportation.
  5932 | D:6      | 5932 ||| Stepping randomly (stuck).
  5933 | D:6      | 5933 ||| Stepping randomly (stuck).
  5934 | D:6      | 5934 ||| Stepping randomly (stuck).
  5935 | D:6      | 5935 ||| Stepping randomly (stuck).
  5936 | D:6      | 5936 ||| Stepping randomly (stuck).
  5937 | D:6      | 5937 ||| Stepping randomly (stuck).
  5938 | D:6      | 5938 ||| Stepping randomly (stuck).
  5939 | D:6      | 5939 ||| Stepping randomly (stuck).
  5940 | D:6      | 5940 ||| Stepping randomly (stuck).
  5941 | D:6      | 5941 ||| Stepping randomly (stuck).
  5942 | D:6      | 5942 ||| Stepping randomly (stuck).
  5943 | D:6      | 5943 ||| Stepping randomly (stuck).
  5944 | D:6      | 5944 ||| Stepping randomly (stuck).
  5945 | D:6      | 5945 ||| Stepping randomly (stuck).
  5946 | D:6      | 5946 ||| Stepping randomly (stuck).
  5947 | D:6      | 5947 ||| Stepping randomly (stuck).
  5948 | D:6      | 5948 ||| Stepping randomly (stuck).
  5949 | D:6      | 5949 ||| Stepping randomly (stuck).
  5950 | D:6      | 5950 ||| Stepping randomly (stuck).
  5951 | D:6      | 5951 ||| Stepping randomly (stuck).
  5952 | D:6      | 5952 ||| Stepping randomly (stuck).
  5953 | D:6      | 5953 ||| Stepping randomly (stuck).
  5954 | D:6      | 5954 ||| Stepping randomly (stuck).
  5955 | D:6      | 5955 ||| Stepping randomly (stuck).
  5956 | D:6      | 5956 ||| Stepping randomly (stuck).
  5957 | D:6      | 5957 ||| Stepping randomly (stuck).
  5958 | D:6      | 5958 ||| Stepping randomly (stuck).
  5959 | D:6      | 5959 ||| Stepping randomly (stuck).
  5960 | D:6      | 5960 ||| Stepping randomly (stuck).
  5961 | D:6      | 5961 ||| Stepping randomly (stuck).
  5962 | D:6      | 5962 ||| Stepping randomly (stuck).
  5963 | D:6      | 5963 ||| Stepping randomly (stuck).
  5964 | D:6      | 5964 ||| Stepping randomly (stuck).
  5965 | D:6      | 5965 ||| Stepping randomly (stuck).
  5966 | D:6      | 5966 ||| Stepping randomly (stuck).
  5967 | D:6      | 5967 ||| Stepping randomly (stuck).
  5968 | D:6      | 5968 ||| Stepping randomly (stuck).
  5969 | D:6      | 5969 ||| Stepping randomly (stuck).
  5970 | D:6      | 5970 ||| Stepping randomly (stuck).
  5971 | D:6      | 5971 ||| Stepping randomly (stuck).
  5972 | D:6      | 5972 ||| Stepping randomly (stuck).
  5973 | D:6      | 5973 ||| Stepping randomly (stuck).
  5974 | D:6      | 5974 ||| Stepping randomly (stuck).
  5975 | D:6      | 5975 ||| Stepping randomly (stuck).
  5976 | D:6      | 5976 ||| Stepping randomly (stuck).
  5977 | D:6      | 5977 ||| Stepping randomly (stuck).
  5978 | D:6      | 5978 ||| Stepping randomly (stuck).
  5979 | D:6      | 5979 ||| Stepping randomly (stuck).
  5980 | D:6      | 5980 ||| Stepping randomly (stuck).
  5981 | D:6      | 5981 ||| Stepping randomly (stuck).
  5982 | D:6      | 5982 ||| Stepping randomly (stuck).
  5983 | D:6      | 5983 ||| Stepping randomly (stuck).
  5984 | D:6      | 5984 ||| Stepping randomly (stuck).
  5985 | D:6      | 5985 ||| Stepping randomly (stuck).
  5986 | D:6      | 5986 ||| Stepping randomly (stuck).
  5987 | D:6      | 5987 ||| Stepping randomly (stuck).
  5988 | D:6      | 5988 ||| Stepping randomly (stuck).
  5989 | D:6      | 5989 ||| Stepping randomly (stuck).
  5990 | D:6      | 5990 ||| Stepping randomly (stuck).
  5991 | D:6      | 5991 ||| Stepping randomly (stuck).
  5992 | D:6      | 5992 ||| Stepping randomly (stuck).
  5993 | D:6      | 5993 ||| Stepping randomly (stuck).
  5994 | D:6      | 5994 ||| Stepping randomly (stuck).
  5995 | D:6      | 5995 ||| Stepping randomly (stuck).
  5996 | D:6      | 5996 ||| Stepping randomly (stuck).
  5997 | D:6      | 5997 ||| Stepping randomly (stuck).
  5998 | D:6      | 5998 ||| Stepping randomly (stuck).
  5999 | D:6      | 5999 ||| Stepping randomly (stuck).
  6000 | D:6      | 6000 ||| Stepping randomly (stuck).
  6001 | D:6      | 6001 ||| Stepping randomly (stuck).
  6002 | D:6      | 6002 ||| Stepping randomly (stuck).
  6003 | D:6      | 6003 ||| Stepping randomly (stuck).
  6004 | D:6      | 6004 ||| Stepping randomly (stuck).
  6005 | D:6      | 6005 ||| Stepping randomly (stuck).
  6006 | D:6      | 6006 ||| Stepping randomly (stuck).
  6007 | D:6      | 6007 ||| Stepping randomly (stuck).
  6008 | D:6      | 6008 ||| Stepping randomly (stuck).
  6009 | D:6      | 6009 ||| Stepping randomly (stuck).
  6010 | D:6      | 6010 ||| Stepping randomly (stuck).
  6011 | D:6      | 6011 ||| Stepping randomly (stuck).
  6012 | D:6      | 6012 ||| Stepping randomly (stuck).
  6013 | D:6      | 6013 ||| Stepping randomly (stuck).
  6014 | D:6      | 6014 ||| Stepping randomly (stuck).
  6015 | D:6      | 6015 ||| Stepping randomly (stuck).
  6016 | D:6      | 6016 ||| Stepping randomly (stuck).
  6017 | D:6      | 6017 ||| Stepping randomly (stuck).
  6018 | D:6      | 6018 ||| Stepping randomly (stuck).
  6019 | D:6      | 6019 ||| Stepping randomly (stuck).
  6020 | D:6      | 6020 ||| Stepping randomly (stuck).
  6021 | D:6      | 6021 ||| Stepping randomly (stuck).
  6022 | D:6      | 6022 ||| Stepping randomly (stuck).
  6023 | D:6      | 6023 ||| Stepping randomly (stuck).
  6024 | D:6      | 6024 ||| Stepping randomly (stuck).
  6025 | D:6      | 6025 ||| Stepping randomly (stuck).
  6026 | D:6      | 6026 ||| Stepping randomly (stuck).
  6027 | D:6      | 6027 ||| Stepping randomly (stuck).
  6028 | D:6      | 6028 ||| Stepping randomly (stuck).
  6029 | D:6      | 6029 ||| Stepping randomly (stuck).
  6030 | D:6      | 6030 ||| Stepping randomly (stuck).
  6031 | D:6      | 6031 ||| Stepping randomly (stuck).
  6032 | D:6      | 6032 ||| Stepping randomly (stuck).
  6033 | D:6      | 6033 ||| Stepping randomly (stuck).
  6034 | D:6      | 6034 ||| Stepping randomly (stuck).
  6035 | D:6      | 6035 ||| Stepping randomly (stuck).
  6036 | D:6      | 6036 ||| Stepping randomly (stuck).
  6037 | D:6      | 6037 ||| Stepping randomly (stuck).
  6038 | D:6      | 6038 ||| Stepping randomly (stuck).
  6039 | D:6      | 6039 ||| Stepping randomly (stuck).
  6040 | D:6      | 6040 ||| Stepping randomly (stuck).
  6041 | D:6      | 6041 ||| Stepping randomly (stuck).
  6042 | D:6      | 6042 ||| Stepping randomly (stuck).
  6043 | D:6      | 6043 ||| Stepping randomly (stuck).
  6044 | D:6      | 6044 ||| Stepping randomly (stuck).
  6045 | D:6      | 6045 ||| Stepping randomly (stuck).
  6046 | D:6      | 6046 ||| Stepping randomly (stuck).
  6047 | D:6      | 6047 ||| Stepping randomly (stuck).
  6048 | D:6      | 6048 ||| Stepping randomly (stuck).
  6049 | D:6      | 6049 ||| Stepping randomly (stuck).
  6050 | D:6      | 6050 ||| Stepping randomly (stuck).
  6051 | D:6      | 6051 ||| Stepping randomly (stuck).
  6052 | D:6      | 6052 ||| Stepping randomly (stuck).
  6053 | D:6      | 6053 ||| Stepping randomly (stuck).
  6054 | D:6      | 6054 ||| Stepping randomly (stuck).
  6055 | D:6      | 6055 ||| Stepping randomly (stuck).
  6056 | D:6      | 6056 ||| Stepping randomly (stuck).
  6057 | D:6      | 6057 ||| Stepping randomly (stuck).
  6058 | D:6      | 6058 ||| Stepping randomly (stuck).
  6059 | D:6      | 6059 ||| Stepping randomly (stuck).
  6060 | D:6      | 6060 ||| Stepping randomly (stuck).
  6061 | D:6      | 6061 ||| Stepping randomly (stuck).
  6062 | D:6      | 6062 ||| Stepping randomly (stuck).
  6063 | D:6      | 6063 ||| Stepping randomly (stuck).
  6064 | D:6      | 6064 ||| Stepping randomly (stuck).
  6065 | D:6      | 6065 ||| Stepping randomly (stuck).
  6066 | D:6      | 6066 ||| Stepping randomly (stuck).
  6067 | D:6      | 6067 ||| Stepping randomly (stuck).
  6068 | D:6      | 6068 ||| Stepping randomly (stuck).
  6069 | D:6      | 6069 ||| Stepping randomly (stuck).
  6070 | D:6      | 6070 ||| Stepping randomly (stuck).
  6071 | D:6      | 6071 ||| Stepping randomly (stuck).
  6072 | D:6      | 6072 ||| Stepping randomly (stuck).
  6073 | D:6      | 6073 ||| Stepping randomly (stuck).
  6074 | D:6      | 6074 ||| Stepping randomly (stuck).
  6075 | D:6      | 6075 ||| Stepping randomly (stuck).
  6076 | D:6      | 6076 ||| Stepping randomly (stuck).
  6077 | D:6      | 6077 ||| Stepping randomly (stuck).
  6078 | D:6      | 6078 ||| Stepping randomly (stuck).
  6079 | D:6      | 6079 ||| Stepping randomly (stuck).
  6080 | D:6      | 6080 ||| Stepping randomly (stuck).
  6081 | D:6      | 6081 ||| Stepping randomly (stuck).
  6082 | D:6      | 6082 ||| Stepping randomly (stuck).
  6083 | D:6      | 6083 ||| Stepping randomly (stuck).
  6084 | D:6      | 6084 ||| Stepping randomly (stuck).
  6085 | D:6      | 6085 ||| Stepping randomly (stuck).
  6086 | D:6      | 6086 ||| Stepping randomly (stuck).
  6087 | D:6      | 6087 ||| Stepping randomly (stuck).
  6088 | D:6      | 6088 ||| Stepping randomly (stuck).
  6089 | D:6      | 6089 ||| Stepping randomly (stuck).
  6090 | D:6      | 6090 ||| Stepping randomly (stuck).
  6091 | D:6      | 6091 ||| Stepping randomly (stuck).
  6092 | D:6      | 6092 ||| Stepping randomly (stuck).
  6093 | D:6      | 6093 ||| Stepping randomly (stuck).
  6094 | D:6      | 6094 ||| Stepping randomly (stuck).
  6095 | D:6      | 6095 ||| Stepping randomly (stuck).
  6096 | D:6      | 6096 ||| Stepping randomly (stuck).
  6097 | D:6      | 6097 ||| Stepping randomly (stuck).
  6098 | D:6      | 6098 ||| Stepping randomly (stuck).
  6099 | D:6      | 6099 ||| Stepping randomly (stuck).
  6100 | D:6      | 6100 ||| Stepping randomly (stuck).
  6101 | D:6      | 6101 ||| Stepping randomly (stuck).
  6102 | D:6      | 6102 ||| Stepping randomly (stuck).
  6103 | D:6      | 6103 ||| Stepping randomly (stuck).
  6104 | D:6      | 6104 ||| Stepping randomly (stuck).
  6105 | D:6      | 6105 ||| Stepping randomly (stuck).
  6106 | D:6      | 6106 ||| Stepping randomly (stuck).
  6107 | D:6      | 6107 ||| Stepping randomly (stuck).
  6108 | D:6      | 6108 ||| Stepping randomly (stuck).
  6109 | D:6      | 6109 ||| Stepping randomly (stuck).
  6110 | D:6      | 6110 ||| Stepping randomly (stuck).
  6111 | D:6      | 6111 ||| Stepping randomly (stuck).
  6112 | D:6      | 6112 ||| Stepping randomly (stuck).
  6113 | D:6      | 6113 ||| Stepping randomly (stuck).
  6114 | D:6      | 6114 ||| Stepping randomly (stuck).
  6115 | D:6      | 6115 ||| Stepping randomly (stuck).
  6116 | D:6      | 6116 ||| Stepping randomly (stuck).
  6117 | D:6      | 6117 ||| Stepping randomly (stuck).
  6118 | D:6      | 6118 ||| Stepping randomly (stuck).
  6119 | D:6      | 6119 ||| Stepping randomly (stuck).
  6120 | D:6      | 6120 ||| Stepping randomly (stuck).
  6121 | D:6      | 6121 ||| Stepping randomly (stuck).
  6122 | D:6      | 6122 ||| Stepping randomly (stuck).
  6123 | D:6      | 6123 ||| Stepping randomly (stuck).
  6124 | D:6      | 6124 ||| Stepping randomly (stuck).
  6125 | D:6      | 6125 ||| Stepping randomly (stuck).
  6126 | D:6      | 6126 ||| Stepping randomly (stuck).
  6127 | D:6      | 6127 ||| Stepping randomly (stuck).
  6128 | D:6      | 6128 ||| Stepping randomly (stuck).
  6129 | D:6      | 6129 ||| Stepping randomly (stuck).
  6130 | D:6      | 6130 ||| Stepping randomly (stuck).
  6131 | D:6      | 6131 ||| Stepping randomly (stuck).
  6132 | D:6      | 6132 ||| Stepping randomly (stuck).
  6133 | D:6      | 6133 ||| Stepping randomly (stuck).
  6134 | D:6      | 6134 ||| Stepping randomly (stuck).
  6135 | D:6      | 6135 ||| Stepping randomly (stuck).
  6136 | D:6      | 6136 ||| Stepping randomly (stuck).
  6137 | D:6      | 6137 ||| Stepping randomly (stuck).
  6138 | D:6      | 6138 ||| Stepping randomly (stuck).
  6139 | D:6      | 6139 ||| Stepping randomly (stuck).
  6140 | D:6      | 6140 ||| Stepping randomly (stuck).
  6141 | D:6      | 6141 ||| Stepping randomly (stuck).
  6142 | D:6      | 6142 ||| Stepping randomly (stuck).
  6143 | D:6      | 6143 ||| Stepping randomly (stuck).
  6144 | D:6      | 6144 ||| Stepping randomly (stuck).
  6145 | D:6      | 6145 ||| Stepping randomly (stuck).
  6146 | D:6      | 6146 ||| Stepping randomly (stuck).
  6147 | D:6      | 6147 ||| Stepping randomly (stuck).
  6148 | D:6      | 6148 ||| Stepping randomly (stuck).
  6149 | D:6      | 6149 ||| Stepping randomly (stuck).
  6150 | D:6      | 6150 ||| Stepping randomly (stuck).
  6151 | D:6      | 6151 ||| Stepping randomly (stuck).
  6152 | D:6      | 6152 ||| Stepping randomly (stuck).
  6153 | D:6      | 6153 ||| Stepping randomly (stuck).
  6154 | D:6      | 6154 ||| Stepping randomly (stuck).
  6155 | D:6      | 6155 ||| Stepping randomly (stuck).
  6156 | D:6      | 6156 ||| Stepping randomly (stuck).
  6157 | D:6      | 6157 ||| Stepping randomly (stuck).
  6158 | D:6      | 6158 ||| Stepping randomly (stuck).
  6159 | D:6      | 6159 ||| Stepping randomly (stuck).
  6160 | D:6      | 6160 ||| Stepping randomly (stuck).
  6161 | D:6      | 6161 ||| Stepping randomly (stuck).
  6162 | D:6      | 6162 ||| Stepping randomly (stuck).
  6163 | D:6      | 6163 ||| Stepping randomly (stuck).
  6164 | D:6      | 6164 ||| Stepping randomly (stuck).
  6165 | D:6      | 6165 ||| Stepping randomly (stuck).
  6166 | D:6      | 6166 ||| Stepping randomly (stuck).
  6167 | D:6      | 6167 ||| Stepping randomly (stuck).
  6168 | D:6      | 6168 ||| Stepping randomly (stuck).
  6169 | D:6      | 6169 ||| Stepping randomly (stuck).
  6170 | D:6      | 6170 ||| Stepping randomly (stuck).
  6171 | D:6      | 6171 ||| Stepping randomly (stuck).
  6172 | D:6      | 6172 ||| Stepping randomly (stuck).
  6173 | D:6      | 6173 ||| Stepping randomly (stuck).
  6174 | D:6      | 6174 ||| Stepping randomly (stuck).
  6175 | D:6      | 6175 ||| Stepping randomly (stuck).
  6176 | D:6      | 6176 ||| Stepping randomly (stuck).
  6177 | D:6      | 6177 ||| Stepping randomly (stuck).
  6178 | D:6      | 6178 ||| Stepping randomly (stuck).
  6179 | D:6      | 6179 ||| Stepping randomly (stuck).
  6180 | D:6      | 6180 ||| Stepping randomly (stuck).
  6181 | D:6      | 6181 ||| Stepping randomly (stuck).
  6182 | D:6      | 6182 ||| Stepping randomly (stuck).
  6183 | D:6      | 6183 ||| Stepping randomly (stuck).
  6184 | D:6      | 6184 ||| Stepping randomly (stuck).
  6185 | D:6      | 6185 ||| Stepping randomly (stuck).
  6186 | D:6      | 6186 ||| Stepping randomly (stuck).
  6187 | D:6      | 6187 ||| Stepping randomly (stuck).
  6188 | D:6      | 6188 ||| Stepping randomly (stuck).
  6189 | D:6      | 6189 ||| Stepping randomly (stuck).
  6190 | D:6      | 6190 ||| Stepping randomly (stuck).
  6191 | D:6      | 6191 ||| Stepping randomly (stuck).
  6192 | D:6      | 6192 ||| Stepping randomly (stuck).
  6193 | D:6      | 6193 ||| Stepping randomly (stuck).
  6194 | D:6      | 6194 ||| Stepping randomly (stuck).
  6195 | D:6      | 6195 ||| Stepping randomly (stuck).
  6196 | D:6      | 6196 ||| Stepping randomly (stuck).
  6197 | D:6      | 6197 ||| Stepping randomly (stuck).
  6198 | D:6      | 6198 ||| Stepping randomly (stuck).
  6199 | D:6      | 6199 ||| Stepping randomly (stuck).
  6200 | D:6      | 6200 ||| Stepping randomly (stuck).
  6201 | D:6      | 6201 ||| Stepping randomly (stuck).
  6202 | D:6      | 6202 ||| Stepping randomly (stuck).
  6203 | D:6      | 6203 ||| Stepping randomly (stuck).
  6204 | D:6      | 6204 ||| Stepping randomly (stuck).
  6205 | D:6      | 6205 ||| Stepping randomly (stuck).
  6206 | D:6      | 6206 ||| Stepping randomly (stuck).
  6207 | D:6      | 6207 ||| Stepping randomly (stuck).
  6208 | D:6      | 6208 ||| Stepping randomly (stuck).
  6209 | D:6      | 6209 ||| Stepping randomly (stuck).
  6210 | D:6      | 6210 ||| Stepping randomly (stuck).
  6211 | D:6      | 6211 ||| Stepping randomly (stuck).
  6212 | D:6      | 6212 ||| Stepping randomly (stuck).
  6213 | D:6      | 6213 ||| Stepping randomly (stuck).
  6214 | D:6      | 6214 ||| Stepping randomly (stuck).
  6215 | D:6      | 6215 ||| Stepping randomly (stuck).
  6216 | D:6      | 6216 ||| Stepping randomly (stuck).
  6217 | D:6      | 6217 ||| Stepping randomly (stuck).
  6218 | D:6      | 6218 ||| Stepping randomly (stuck).
  6219 | D:6      | 6219 ||| Stepping randomly (stuck).
  6220 | D:6      | 6220 ||| Stepping randomly (stuck).
  6221 | D:6      | 6221 ||| Stepping randomly (stuck).
  6222 | D:6      | 6222 ||| Stepping randomly (stuck).
  6223 | D:6      | 6223 ||| Stepping randomly (stuck).
  6224 | D:6      | 6224 ||| Stepping randomly (stuck).
  6225 | D:6      | 6225 ||| Stepping randomly (stuck).
  6226 | D:6      | 6226 ||| Stepping randomly (stuck).
  6227 | D:6      | 6227 ||| Stepping randomly (stuck).
  6228 | D:6      | 6228 ||| Stepping randomly (stuck).
  6229 | D:6      | 6229 ||| Stepping randomly (stuck).
  6230 | D:6      | 6230 ||| Stepping randomly (stuck).
  6231 | D:6      | 6231 ||| Stepping randomly (stuck).
  6232 | D:6      | 6232 ||| Stepping randomly (stuck).
  6233 | D:6      | 6233 ||| Stepping randomly (stuck).
  6234 | D:6      | 6234 ||| Stepping randomly (stuck).
  6235 | D:6      | 6235 ||| Stepping randomly (stuck).
  6236 | D:6      | 6236 ||| Stepping randomly (stuck).
  6237 | D:6      | 6237 ||| Stepping randomly (stuck).
  6238 | D:6      | 6238 ||| Stepping randomly (stuck).
  6239 | D:6      | 6239 ||| Stepping randomly (stuck).
  6240 | D:6      | 6240 ||| Stepping randomly (stuck).
  6241 | D:6      | 6241 ||| Stepping randomly (stuck).
  6242 | D:6      | 6242 ||| Stepping randomly (stuck).
  6243 | D:6      | 6243 ||| Stepping randomly (stuck).
  6244 | D:6      | 6244 ||| Stepping randomly (stuck).
  6245 | D:6      | 6245 ||| Stepping randomly (stuck).
  6246 | D:6      | 6246 ||| Stepping randomly (stuck).
  6247 | D:6      | 6247 ||| Stepping randomly (stuck).
  6248 | D:6      | 6248 ||| Stepping randomly (stuck).
  6249 | D:6      | 6249 ||| Stepping randomly (stuck).
  6250 | D:6      | 6250 ||| Stepping randomly (stuck).
  6251 | D:6      | 6251 ||| Stepping randomly (stuck).
  6252 | D:6      | 6252 ||| Stepping randomly (stuck).
  6253 | D:6      | 6253 ||| Stepping randomly (stuck).
  6254 | D:6      | 6254 ||| Stepping randomly (stuck).
  6255 | D:6      | 6255 ||| Stepping randomly (stuck).
  6256 | D:6      | 6256 ||| Stepping randomly (stuck).
  6257 | D:6      | 6257 ||| Stepping randomly (stuck).
  6258 | D:6      | 6258 ||| Stepping randomly (stuck).
  6259 | D:6      | 6259 ||| Stepping randomly (stuck).
  6260 | D:6      | 6260 ||| Stepping randomly (stuck).
  6261 | D:6      | 6261 ||| Stepping randomly (stuck).
  6262 | D:6      | 6262 ||| Stepping randomly (stuck).
  6263 | D:6      | 6263 ||| Stepping randomly (stuck).
  6264 | D:6      | 6264 ||| Stepping randomly (stuck).
  6265 | D:6      | 6265 ||| Stepping randomly (stuck).
  6266 | D:6      | 6266 ||| Stepping randomly (stuck).
  6267 | D:6      | 6267 ||| Stepping randomly (stuck).
  6268 | D:6      | 6268 ||| Stepping randomly (stuck).
  6269 | D:6      | 6269 ||| Stepping randomly (stuck).
  6270 | D:6      | 6270 ||| Stepping randomly (stuck).
  6271 | D:6      | 6271 ||| Stepping randomly (stuck).
  6272 | D:6      | 6272 ||| Stepping randomly (stuck).
  6273 | D:6      | 6273 ||| Stepping randomly (stuck).
  6274 | D:6      | 6274 ||| Stepping randomly (stuck).
  6275 | D:6      | 6275 ||| Stepping randomly (stuck).
  6276 | D:6      | 6276 ||| Stepping randomly (stuck).
  6277 | D:6      | 6277 ||| Stepping randomly (stuck).
  6278 | D:6      | 6278 ||| Stepping randomly (stuck).
  6279 | D:6      | 6279 ||| Stepping randomly (stuck).
  6280 | D:6      | 6280 ||| Stepping randomly (stuck).
  6281 | D:6      | 6281 ||| Stepping randomly (stuck).
  6282 | D:6      | 6282 ||| Stepping randomly (stuck).
  6283 | D:6      | 6283 ||| Stepping randomly (stuck).
  6284 | D:6      | 6284 ||| Stepping randomly (stuck).
  6285 | D:6      | 6285 ||| Stepping randomly (stuck).
  6286 | D:6      | 6286 ||| Stepping randomly (stuck).
  6287 | D:6      | 6287 ||| Stepping randomly (stuck).
  6288 | D:6      | 6288 ||| Stepping randomly (stuck).
  6289 | D:6      | 6289 ||| Stepping randomly (stuck).
  6290 | D:6      | 6290 ||| Stepping randomly (stuck).
  6291 | D:6      | 6291 ||| Stepping randomly (stuck).
  6292 | D:6      | 6292 ||| Stepping randomly (stuck).
  6293 | D:6      | 6293 ||| Stepping randomly (stuck).
  6294 | D:6      | 6294 ||| Stepping randomly (stuck).
  6295 | D:6      | 6295 ||| Stepping randomly (stuck).
  6296 | D:6      | 6296 ||| Stepping randomly (stuck).
  6297 | D:6      | 6297 ||| Stepping randomly (stuck).
  6298 | D:6      | 6298 ||| Stepping randomly (stuck).
  6299 | D:6      | 6299 ||| Stepping randomly (stuck).
  6300 | D:6      | 6300 ||| Stepping randomly (stuck).
  6301 | D:6      | 6301 ||| Stepping randomly (stuck).
  6302 | D:6      | 6302 ||| Stepping randomly (stuck).
  6303 | D:6      | 6303 ||| Stepping randomly (stuck).
  6304 | D:6      | 6304 ||| Stepping randomly (stuck).
  6305 | D:6      | 6305 ||| Stepping randomly (stuck).
  6306 | D:6      | 6306 ||| Stepping randomly (stuck).
  6307 | D:6      | 6307 ||| Stepping randomly (stuck).
  6308 | D:6      | 6308 ||| Stepping randomly (stuck).
  6309 | D:6      | 6309 ||| Stepping randomly (stuck).
  6310 | D:6      | 6310 ||| Stepping randomly (stuck).
  6311 | D:6      | 6311 ||| Stepping randomly (stuck).
  6312 | D:6      | 6312 ||| Stepping randomly (stuck).
  6313 | D:6      | 6313 ||| Stepping randomly (stuck).
  6314 | D:6      | 6314 ||| Stepping randomly (stuck).
  6315 | D:6      | 6315 ||| Stepping randomly (stuck).
  6316 | D:6      | 6316 ||| Stepping randomly (stuck).
  6317 | D:6      | 6317 ||| Stepping randomly (stuck).
  6318 | D:6      | 6318 ||| Stepping randomly (stuck).
  6319 | D:6      | 6319 ||| Stepping randomly (stuck).
  6320 | D:6      | 6320 ||| Stepping randomly (stuck).
  6321 | D:6      | 6321 ||| Stepping randomly (stuck).
  6322 | D:6      | 6322 ||| Stepping randomly (stuck).
  6323 | D:6      | 6323 ||| Stepping randomly (stuck).
  6324 | D:6      | 6324 ||| Stepping randomly (stuck).
  6325 | D:6      | 6325 ||| Stepping randomly (stuck).
  6326 | D:6      | 6326 ||| Stepping randomly (stuck).
  6327 | D:6      | 6327 ||| Stepping randomly (stuck).
  6328 | D:6      | 6328 ||| Stepping randomly (stuck).
  6329 | D:6      | 6329 ||| Stepping randomly (stuck).
  6330 | D:6      | 6330 ||| Stepping randomly (stuck).
  6331 | D:6      | 6331 ||| Stepping randomly (stuck).
  6332 | D:6      | 6332 ||| Stepping randomly (stuck).
  6333 | D:6      | 6333 ||| Stepping randomly (stuck).
  6334 | D:6      | 6334 ||| Stepping randomly (stuck).
  6335 | D:6      | 6335 ||| Stepping randomly (stuck).
  6336 | D:6      | 6336 ||| Stepping randomly (stuck).
  6337 | D:6      | 6337 ||| Stepping randomly (stuck).
  6338 | D:6      | 6338 ||| Stepping randomly (stuck).
  6339 | D:6      | 6339 ||| Stepping randomly (stuck).
  6340 | D:6      | 6340 ||| Stepping randomly (stuck).
  6341 | D:6      | 6341 ||| Stepping randomly (stuck).
  6342 | D:6      | 6342 ||| Stepping randomly (stuck).
  6343 | D:6      | 6343 ||| Stepping randomly (stuck).
  6344 | D:6      | 6344 ||| Stepping randomly (stuck).
  6345 | D:6      | 6345 ||| Stepping randomly (stuck).
  6346 | D:6      | 6346 ||| Stepping randomly (stuck).
  6347 | D:6      | 6347 ||| Stepping randomly (stuck).
  6348 | D:6      | 6348 ||| Stepping randomly (stuck).
  6349 | D:6      | 6349 ||| Stepping randomly (stuck).
  6350 | D:6      | 6350 ||| Stepping randomly (stuck).
  6351 | D:6      | 6351 ||| Stepping randomly (stuck).
  6352 | D:6      | 6352 ||| Stepping randomly (stuck).
  6353 | D:6      | 6353 ||| Stepping randomly (stuck).
  6354 | D:6      | 6354 ||| Stepping randomly (stuck).
  6355 | D:6      | 6355 ||| Stepping randomly (stuck).
  6356 | D:6      | 6356 ||| Stepping randomly (stuck).
  6357 | D:6      | 6357 ||| Stepping randomly (stuck).
  6358 | D:6      | 6358 ||| Stepping randomly (stuck).
  6359 | D:6      | 6359 ||| Stepping randomly (stuck).
  6360 | D:6      | 6360 ||| Stepping randomly (stuck).
  6361 | D:6      | 6361 ||| Stepping randomly (stuck).
  6362 | D:6      | 6362 ||| Stepping randomly (stuck).
  6363 | D:6      | 6363 ||| Stepping randomly (stuck).
  6364 | D:6      | 6364 ||| Stepping randomly (stuck).
  6365 | D:6      | 6365 ||| Stepping randomly (stuck).
  6366 | D:6      | 6366 ||| Stepping randomly (stuck).
  6367 | D:6      | 6367 ||| Stepping randomly (stuck).
  6368 | D:6      | 6368 ||| Stepping randomly (stuck).
  6369 | D:6      | 6369 ||| Stepping randomly (stuck).
  6370 | D:6      | 6370 ||| Stepping randomly (stuck).
  6371 | D:6      | 6371 ||| Stepping randomly (stuck).
  6372 | D:6      | 6372 ||| Stepping randomly (stuck).
  6373 | D:6      | 6373 ||| Stepping randomly (stuck).
  6374 | D:6      | 6374 ||| Stepping randomly (stuck).
  6375 | D:6      | 6375 ||| Stepping randomly (stuck).
  6376 | D:6      | 6376 ||| Stepping randomly (stuck).
  6377 | D:6      | 6377 ||| Stepping randomly (stuck).
  6378 | D:6      | 6378 ||| Stepping randomly (stuck).
  6379 | D:6      | 6379 ||| Stepping randomly (stuck).
  6380 | D:6      | 6380 ||| Stepping randomly (stuck).
  6381 | D:6      | 6381 ||| Stepping randomly (stuck).
  6382 | D:6      | 6382 ||| Stepping randomly (stuck).
  6383 | D:6      | 6383 ||| Stepping randomly (stuck).
  6384 | D:6      | 6384 ||| Stepping randomly (stuck).
  6385 | D:6      | 6385 ||| Stepping randomly (stuck).
  6386 | D:6      | 6386 ||| Stepping randomly (stuck).
  6387 | D:6      | 6387 ||| Stepping randomly (stuck).
  6388 | D:6      | 6388 ||| Stepping randomly (stuck).
  6389 | D:6      | 6389 ||| Stepping randomly (stuck).
  6390 | D:6      | 6390 ||| Stepping randomly (stuck).
  6391 | D:6      | 6391 ||| Stepping randomly (stuck).
  6392 | D:6      | 6392 ||| Stepping randomly (stuck).
  6393 | D:6      | 6393 ||| Stepping randomly (stuck).
  6394 | D:6      | 6394 ||| Stepping randomly (stuck).
  6395 | D:6      | 6395 ||| Stepping randomly (stuck).
  6396 | D:6      | 6396 ||| Stepping randomly (stuck).
  6397 | D:6      | 6397 ||| Stepping randomly (stuck).
  6398 | D:6      | 6398 ||| Stepping randomly (stuck).
  6399 | D:6      | 6399 ||| Stepping randomly (stuck).
  6400 | D:6      | 6400 ||| Stepping randomly (stuck).
  6401 | D:6      | 6401 ||| Stepping randomly (stuck).
  6402 | D:6      | 6402 ||| Stepping randomly (stuck).
  6403 | D:6      | 6403 ||| Stepping randomly (stuck).
  6404 | D:6      | 6404 ||| Stepping randomly (stuck).
  6405 | D:6      | 6405 ||| Stepping randomly (stuck).
  6406 | D:6      | 6406 ||| Stepping randomly (stuck).
  6407 | D:6      | 6407 ||| Stepping randomly (stuck).
  6408 | D:6      | 6408 ||| Stepping randomly (stuck).
  6409 | D:6      | 6409 ||| Stepping randomly (stuck).
  6410 | D:6      | 6410 ||| Stepping randomly (stuck).
  6411 | D:6      | 6411 ||| Stepping randomly (stuck).
  6412 | D:6      | 6412 ||| Stepping randomly (stuck).
  6413 | D:6      | 6413 ||| Stepping randomly (stuck).
  6414 | D:6      | 6414 ||| Stepping randomly (stuck).
  6415 | D:6      | 6415 ||| Stepping randomly (stuck).
  6416 | D:6      | 6416 ||| Stepping randomly (stuck).
  6417 | D:6      | 6417 ||| Stepping randomly (stuck).
  6418 | D:6      | 6418 ||| Stepping randomly (stuck).
  6419 | D:6      | 6419 ||| Stepping randomly (stuck).
  6420 | D:6      | 6420 ||| Stepping randomly (stuck).
  6421 | D:6      | 6421 ||| Stepping randomly (stuck).
  6422 | D:6      | 6422 ||| Stepping randomly (stuck).
  6423 | D:6      | 6423 ||| Stepping randomly (stuck).
  6424 | D:6      | 6424 ||| Stepping randomly (stuck).
  6425 | D:6      | 6425 ||| Stepping randomly (stuck).
  6426 | D:6      | 6426 ||| Stepping randomly (stuck).
  6427 | D:6      | 6427 ||| Stepping randomly (stuck).
  6428 | D:6      | 6428 ||| Stepping randomly (stuck).
  6429 | D:6      | 6429 ||| Stepping randomly (stuck).
  6430 | D:6      | 6430 ||| Stepping randomly (stuck).
  6431 | D:6      | 6431 ||| Stepping randomly (stuck).
  6432 | D:6      | 6432 ||| Stepping randomly (stuck).
  6433 | D:6      | 6433 ||| Stepping randomly (stuck).
  6434 | D:6      | 6434 ||| Stepping randomly (stuck).
  6435 | D:6      | 6435 ||| Stepping randomly (stuck).
  6436 | D:6      | 6436 ||| Stepping randomly (stuck).
  6437 | D:6      | 6437 ||| Stepping randomly (stuck).
  6438 | D:6      | 6438 ||| Stepping randomly (stuck).
  6439 | D:6      | 6439 ||| Stepping randomly (stuck).
  6440 | D:6      | 6440 ||| Stepping randomly (stuck).
  6441 | D:6      | 6441 ||| Stepping randomly (stuck).
  6442 | D:6      | 6442 ||| Stepping randomly (stuck).
  6443 | D:6      | 6443 ||| Stepping randomly (stuck).
  6444 | D:6      | 6444 ||| Stepping randomly (stuck).
  6445 | D:6      | 6445 ||| Stepping randomly (stuck).
  6446 | D:6      | 6446 ||| Stepping randomly (stuck).
  6447 | D:6      | 6447 ||| Stepping randomly (stuck).
  6448 | D:6      | 6448 ||| Stepping randomly (stuck).
  6449 | D:6      | 6449 ||| Stepping randomly (stuck).
  6450 | D:6      | 6450 ||| Stepping randomly (stuck).
  6451 | D:6      | 6451 ||| Stepping randomly (stuck).
  6452 | D:6      | 6452 ||| Stepping randomly (stuck).
  6453 | D:6      | 6453 ||| Stepping randomly (stuck).
  6454 | D:6      | 6454 ||| Stepping randomly (stuck).
  6455 | D:6      | 6455 ||| Stepping randomly (stuck).
  6456 | D:6      | 6456 ||| Stepping randomly (stuck).
  6457 | D:6      | 6457 ||| Stepping randomly (stuck).
  6458 | D:6      | 6458 ||| Stepping randomly (stuck).
  6459 | D:6      | 6459 ||| Stepping randomly (stuck).
  6460 | D:6      | 6460 ||| Stepping randomly (stuck).
  6461 | D:6      | 6461 ||| Stepping randomly (stuck).
  6462 | D:6      | 6462 ||| Stepping randomly (stuck).
  6463 | D:6      | 6463 ||| Stepping randomly (stuck).
  6464 | D:6      | 6464 ||| Stepping randomly (stuck).
  6465 | D:6      | 6465 ||| Stepping randomly (stuck).
  6466 | D:6      | 6466 ||| Stepping randomly (stuck).
  6467 | D:6      | 6467 ||| Stepping randomly (stuck).
  6468 | D:6      | 6468 ||| Stepping randomly (stuck).
  6469 | D:6      | 6469 ||| Stepping randomly (stuck).
  6470 | D:6      | 6470 ||| Stepping randomly (stuck).
  6471 | D:6      | 6471 ||| Stepping randomly (stuck).
  6472 | D:6      | 6472 ||| Stepping randomly (stuck).
  6473 | D:6      | 6473 ||| Stepping randomly (stuck).
  6474 | D:6      | 6474 ||| Stepping randomly (stuck).
  6475 | D:6      | 6475 ||| Stepping randomly (stuck).
  6476 | D:6      | 6476 ||| Stepping randomly (stuck).
  6477 | D:6      | 6477 ||| Stepping randomly (stuck).
  6478 | D:6      | 6478 ||| Stepping randomly (stuck).
  6479 | D:6      | 6479 ||| Stepping randomly (stuck).
  6480 | D:6      | 6480 ||| Stepping randomly (stuck).
  6481 | D:6      | 6481 ||| Stepping randomly (stuck).
  6482 | D:6      | 6482 ||| Stepping randomly (stuck).
  6483 | D:6      | 6483 ||| Stepping randomly (stuck).
  6484 | D:6      | 6484 ||| Stepping randomly (stuck).
  6485 | D:6      | 6485 ||| Stepping randomly (stuck).
  6486 | D:6      | 6486 ||| Stepping randomly (stuck).
  6487 | D:6      | 6487 ||| Stepping randomly (stuck).
  6488 | D:6      | 6488 ||| Stepping randomly (stuck).
  6489 | D:6      | 6489 ||| Stepping randomly (stuck).
  6490 | D:6      | 6490 ||| Stepping randomly (stuck).
  6491 | D:6      | 6491 ||| Stepping randomly (stuck).
  6492 | D:6      | 6492 ||| Stepping randomly (stuck).
  6493 | D:6      | 6493 ||| Stepping randomly (stuck).
  6494 | D:6      | 6494 ||| Stepping randomly (stuck).
  6495 | D:6      | 6495 ||| Stepping randomly (stuck).
  6496 | D:6      | 6496 ||| Stepping randomly (stuck).
  6497 | D:6      | 6497 ||| Stepping randomly (stuck).
  6498 | D:6      | 6498 ||| Stepping randomly (stuck).
  6499 | D:6      | 6499 ||| Stepping randomly (stuck).
  6500 | D:6      | 6500 ||| Stepping randomly (stuck).
  6501 | D:6      | 6501 ||| Stepping randomly (stuck).
  6502 | D:6      | 6502 ||| Stepping randomly (stuck).
  6503 | D:6      | 6503 ||| Stepping randomly (stuck).
  6504 | D:6      | 6504 ||| Stepping randomly (stuck).
  6505 | D:6      | 6505 ||| Stepping randomly (stuck).
  6506 | D:6      | 6506 ||| Stepping randomly (stuck).
  6507 | D:6      | 6507 ||| Stepping randomly (stuck).
  6508 | D:6      | 6508 ||| Stepping randomly (stuck).
  6509 | D:6      | 6509 ||| Stepping randomly (stuck).
  6510 | D:6      | 6510 ||| Stepping randomly (stuck).
  6511 | D:6      | 6511 ||| Stepping randomly (stuck).
  6512 | D:6      | 6512 ||| Stepping randomly (stuck).
  6513 | D:6      | 6513 ||| Stepping randomly (stuck).
  6514 | D:6      | 6514 ||| Stepping randomly (stuck).
  6515 | D:6      | 6515 ||| Stepping randomly (stuck).
  6516 | D:6      | 6516 ||| Stepping randomly (stuck).
  6517 | D:6      | 6517 ||| Stepping randomly (stuck).
  6518 | D:6      | 6518 ||| Stepping randomly (stuck).
  6519 | D:6      | 6519 ||| Stepping randomly (stuck).
  6520 | D:6      | 6520 ||| Stepping randomly (stuck).
  6521 | D:6      | 6521 ||| Stepping randomly (stuck).
  6522 | D:6      | 6522 ||| Stepping randomly (stuck).
  6523 | D:6      | 6523 ||| Stepping randomly (stuck).
  6524 | D:6      | 6524 ||| Stepping randomly (stuck).
  6525 | D:6      | 6525 ||| Stepping randomly (stuck).
  6526 | D:6      | 6526 ||| Stepping randomly (stuck).
  6527 | D:6      | 6527 ||| Stepping randomly (stuck).
  6528 | D:6      | 6528 ||| Stepping randomly (stuck).
  6529 | D:6      | 6529 ||| Stepping randomly (stuck).
  6530 | D:6      | 6530 ||| Stepping randomly (stuck).
  6531 | D:6      | 6531 ||| Stepping randomly (stuck).
  6532 | D:6      | 6532 ||| Stepping randomly (stuck).
  6533 | D:6      | 6533 ||| Stepping randomly (stuck).
  6534 | D:6      | 6534 ||| Stepping randomly (stuck).
  6535 | D:6      | 6535 ||| Stepping randomly (stuck).
  6536 | D:6      | 6536 ||| Stepping randomly (stuck).
  6537 | D:6      | 6537 ||| Stepping randomly (stuck).
  6538 | D:6      | 6538 ||| Stepping randomly (stuck).
  6539 | D:6      | 6539 ||| Stepping randomly (stuck).
  6540 | D:6      | 6540 ||| Stepping randomly (stuck).
  6541 | D:6      | 6541 ||| Stepping randomly (stuck).
  6542 | D:6      | 6542 ||| Stepping randomly (stuck).
  6543 | D:6      | 6543 ||| Stepping randomly (stuck).
  6544 | D:6      | 6544 ||| Stepping randomly (stuck).
  6545 | D:6      | 6545 ||| Stepping randomly (stuck).
  6546 | D:6      | 6546 ||| Stepping randomly (stuck).
  6547 | D:6      | 6547 ||| Stepping randomly (stuck).
  6548 | D:6      | 6548 ||| Stepping randomly (stuck).
  6549 | D:6      | 6549 ||| Stepping randomly (stuck).
  6550 | D:6      | 6550 ||| Stepping randomly (stuck).
  6551 | D:6      | 6551 ||| Stepping randomly (stuck).
  6552 | D:6      | 6552 ||| Stepping randomly (stuck).
  6553 | D:6      | 6553 ||| Stepping randomly (stuck).
  6554 | D:6      | 6554 ||| Stepping randomly (stuck).
  6555 | D:6      | 6555 ||| Stepping randomly (stuck).
  6556 | D:6      | 6556 ||| Stepping randomly (stuck).
  6557 | D:6      | 6557 ||| Stepping randomly (stuck).
  6558 | D:6      | 6558 ||| Stepping randomly (stuck).
  6559 | D:6      | 6559 ||| Stepping randomly (stuck).
  6560 | D:6      | 6560 ||| Stepping randomly (stuck).
  6561 | D:6      | 6561 ||| Stepping randomly (stuck).
  6562 | D:6      | 6562 ||| Stepping randomly (stuck).
  6563 | D:6      | 6563 ||| Stepping randomly (stuck).
  6564 | D:6      | 6564 ||| Stepping randomly (stuck).
  6565 | D:6      | 6565 ||| Stepping randomly (stuck).
  6566 | D:6      | 6566 ||| Stepping randomly (stuck).
  6567 | D:6      | 6567 ||| Stepping randomly (stuck).
  6568 | D:6      | 6568 ||| Stepping randomly (stuck).
  6569 | D:6      | 6569 ||| Stepping randomly (stuck).
  6570 | D:6      | 6570 ||| Stepping randomly (stuck).
  6571 | D:6      | 6571 ||| Stepping randomly (stuck).
  6572 | D:6      | 6572 ||| Stepping randomly (stuck).
  6573 | D:6      | 6573 ||| Stepping randomly (stuck).
  6574 | D:6      | 6574 ||| Stepping randomly (stuck).
  6575 | D:6      | 6575 ||| Stepping randomly (stuck).
  6576 | D:6      | 6576 ||| Stepping randomly (stuck).
  6577 | D:6      | 6577 ||| Stepping randomly (stuck).
  6578 | D:6      | 6578 ||| Stepping randomly (stuck).
  6579 | D:6      | 6579 ||| Stepping randomly (stuck).
  6580 | D:6      | 6580 ||| Stepping randomly (stuck).
  6581 | D:6      | 6581 ||| Stepping randomly (stuck).
  6582 | D:6      | 6582 ||| Stepping randomly (stuck).
  6583 | D:6      | 6583 ||| Stepping randomly (stuck).
  6584 | D:6      | 6584 ||| Stepping randomly (stuck).
  6585 | D:6      | 6585 ||| Stepping randomly (stuck).
  6586 | D:6      | 6586 ||| Stepping randomly (stuck).
  6587 | D:6      | 6587 ||| Stepping randomly (stuck).
  6588 | D:6      | 6588 ||| Stepping randomly (stuck).
  6589 | D:6      | 6589 ||| Stepping randomly (stuck).
  6590 | D:6      | 6590 ||| Stepping randomly (stuck).
  6591 | D:6      | 6591 ||| Stepping randomly (stuck).
  6592 | D:6      | 6592 ||| Stepping randomly (stuck).
  6593 | D:6      | 6593 ||| Stepping randomly (stuck).
  6594 | D:6      | 6594 ||| Stepping randomly (stuck).
  6595 | D:6      | 6595 ||| Stepping randomly (stuck).
  6596 | D:6      | 6596 ||| Stepping randomly (stuck).
  6597 | D:6      | 6597 ||| Stepping randomly (stuck).
  6598 | D:6      | 6598 ||| Stepping randomly (stuck).
  6599 | D:6      | 6599 ||| Stepping randomly (stuck).
  6600 | D:6      | 6600 ||| Stepping randomly (stuck).
  6601 | D:6      | 6601 ||| Stepping randomly (stuck).
  6602 | D:6      | 6602 ||| Stepping randomly (stuck).
  6603 | D:6      | 6603 ||| Stepping randomly (stuck).
  6604 | D:6      | 6604 ||| Stepping randomly (stuck).
  6605 | D:6      | 6605 ||| Stepping randomly (stuck).
  6606 | D:6      | 6606 ||| Stepping randomly (stuck).
  6607 | D:6      | 6607 ||| Stepping randomly (stuck).
  6608 | D:6      | 6608 ||| Stepping randomly (stuck).
  6609 | D:6      | 6609 ||| Stepping randomly (stuck).
  6610 | D:6      | 6610 ||| Stepping randomly (stuck).
  6611 | D:6      | 6611 ||| Stepping randomly (stuck).
  6612 | D:6      | 6612 ||| Stepping randomly (stuck).
  6613 | D:6      | 6613 ||| Stepping randomly (stuck).
  6614 | D:6      | 6614 ||| Stepping randomly (stuck).
  6615 | D:6      | 6615 ||| Stepping randomly (stuck).
  6616 | D:6      | 6616 ||| Stepping randomly (stuck).
  6617 | D:6      | 6617 ||| Stepping randomly (stuck).
  6618 | D:6      | 6618 ||| Stepping randomly (stuck).
  6619 | D:6      | 6619 ||| Stepping randomly (stuck).
  6620 | D:6      | 6620 ||| Stepping randomly (stuck).
  6621 | D:6      | 6621 ||| Stepping randomly (stuck).
  6622 | D:6      | 6622 ||| Stepping randomly (stuck).
  6623 | D:6      | 6623 ||| Stepping randomly (stuck).
  6624 | D:6      | 6624 ||| Stepping randomly (stuck).
  6625 | D:6      | 6625 ||| Stepping randomly (stuck).
  6626 | D:6      | 6626 ||| Stepping randomly (stuck).
  6627 | D:6      | 6627 ||| Stepping randomly (stuck).
  6628 | D:6      | 6628 ||| Stepping randomly (stuck).
  6629 | D:6      | 6629 ||| Stepping randomly (stuck).
  6630 | D:6      | 6630 ||| Stepping randomly (stuck).
  6631 | D:6      | 6631 ||| Stepping randomly (stuck).
  6632 | D:6      | 6632 ||| Stepping randomly (stuck).
  6633 | D:6      | 6633 ||| Stepping randomly (stuck).
  6634 | D:6      | 6634 ||| Stepping randomly (stuck).
  6635 | D:6      | 6635 ||| Stepping randomly (stuck).
  6636 | D:6      | 6636 ||| Stepping randomly (stuck).
  6637 | D:6      | 6637 ||| Stepping randomly (stuck).
  6638 | D:6      | 6638 ||| Stepping randomly (stuck).
  6639 | D:6      | 6639 ||| Stepping randomly (stuck).
  6640 | D:6      | 6640 ||| Stepping randomly (stuck).
  6641 | D:6      | 6641 ||| Stepping randomly (stuck).
  6642 | D:6      | 6642 ||| Stepping randomly (stuck).
  6643 | D:6      | 6643 ||| Stepping randomly (stuck).
  6644 | D:6      | 6644 ||| Stepping randomly (stuck).
  6645 | D:6      | 6645 ||| Stepping randomly (stuck).
  6646 | D:6      | 6646 ||| Stepping randomly (stuck).
  6647 | D:6      | 6647 ||| Stepping randomly (stuck).
  6648 | D:6      | 6648 ||| Stepping randomly (stuck).
  6649 | D:6      | 6649 ||| Stepping randomly (stuck).
  6650 | D:6      | 6650 ||| Stepping randomly (stuck).
  6651 | D:6      | 6651 ||| Stepping randomly (stuck).
  6652 | D:6      | 6652 ||| Stepping randomly (stuck).
  6653 | D:6      | 6653 ||| Stepping randomly (stuck).
  6654 | D:6      | 6654 ||| Stepping randomly (stuck).
  6655 | D:6      | 6655 ||| Stepping randomly (stuck).
  6656 | D:6      | 6656 ||| Stepping randomly (stuck).
  6657 | D:6      | 6657 ||| Stepping randomly (stuck).
  6658 | D:6      | 6658 ||| Stepping randomly (stuck).
  6659 | D:6      | 6659 ||| Stepping randomly (stuck).
  6660 | D:6      | 6660 ||| Stepping randomly (stuck).
  6661 | D:6      | 6661 ||| Stepping randomly (stuck).
  6662 | D:6      | 6662 ||| Stepping randomly (stuck).
  6663 | D:6      | 6663 ||| Stepping randomly (stuck).
  6664 | D:6      | 6664 ||| Stepping randomly (stuck).
  6665 | D:6      | 6665 ||| Stepping randomly (stuck).
  6666 | D:6      | 6666 ||| Stepping randomly (stuck).
  6667 | D:6      | 6667 ||| Stepping randomly (stuck).
  6668 | D:6      | 6668 ||| Stepping randomly (stuck).
  6669 | D:6      | 6669 ||| Stepping randomly (stuck).
  6670 | D:6      | 6670 ||| Stepping randomly (stuck).
  6671 | D:6      | 6671 ||| Stepping randomly (stuck).
  6672 | D:6      | 6672 ||| Stepping randomly (stuck).
  6673 | D:6      | 6673 ||| Stepping randomly (stuck).
  6674 | D:6      | 6674 ||| Stepping randomly (stuck).
  6675 | D:6      | 6675 ||| Stepping randomly (stuck).
  6676 | D:6      | 6676 ||| Stepping randomly (stuck).
  6677 | D:6      | 6677 ||| Stepping randomly (stuck).
  6678 | D:6      | 6678 ||| Stepping randomly (stuck).
  6679 | D:6      | 6679 ||| Stepping randomly (stuck).
  6680 | D:6      | 6680 ||| Stepping randomly (stuck).
  6681 | D:6      | 6681 ||| Stepping randomly (stuck).
  6682 | D:6      | 6682 ||| Stepping randomly (stuck).
  6683 | D:6      | 6683 ||| Stepping randomly (stuck).
  6684 | D:6      | 6684 ||| Stepping randomly (stuck).
  6685 | D:6      | 6685 ||| Stepping randomly (stuck).
  6686 | D:6      | 6686 ||| Stepping randomly (stuck).
  6687 | D:6      | 6687 ||| Stepping randomly (stuck).
  6688 | D:6      | 6688 ||| Stepping randomly (stuck).
  6689 | D:6      | 6689 ||| Stepping randomly (stuck).
  6690 | D:6      | 6690 ||| Stepping randomly (stuck).
  6691 | D:6      | 6691 ||| Stepping randomly (stuck).
  6692 | D:6      | 6692 ||| Stepping randomly (stuck).
  6693 | D:6      | 6693 ||| Stepping randomly (stuck).
  6694 | D:6      | 6694 ||| Stepping randomly (stuck).
  6695 | D:6      | 6695 ||| Stepping randomly (stuck).
  6696 | D:6      | 6696 ||| Stepping randomly (stuck).
  6697 | D:6      | 6697 ||| Stepping randomly (stuck).
  6698 | D:6      | 6698 ||| Stepping randomly (stuck).
  6699 | D:6      | 6699 ||| Stepping randomly (stuck).
  6700 | D:6      | 6700 ||| Stepping randomly (stuck).
  6701 | D:6      | 6701 ||| Stepping randomly (stuck).
  6702 | D:6      | 6702 ||| Stepping randomly (stuck).
  6703 | D:6      | 6703 ||| Stepping randomly (stuck).
  6704 | D:6      | 6704 ||| Stepping randomly (stuck).
  6705 | D:6      | 6705 ||| Stepping randomly (stuck).
  6706 | D:6      | 6706 ||| Stepping randomly (stuck).
  6707 | D:6      | 6707 ||| Stepping randomly (stuck).
  6708 | D:6      | 6708 ||| Stepping randomly (stuck).
  6709 | D:6      | 6709 ||| Stepping randomly (stuck).
  6710 | D:6      | 6710 ||| Stepping randomly (stuck).
  6711 | D:6      | 6711 ||| Stepping randomly (stuck).
  6712 | D:6      | 6712 ||| Stepping randomly (stuck).
  6713 | D:6      | 6713 ||| Stepping randomly (stuck).
  6714 | D:6      | 6714 ||| Stepping randomly (stuck).
  6715 | D:6      | 6715 ||| Stepping randomly (stuck).
  6716 | D:6      | 6716 ||| Stepping randomly (stuck).
  6717 | D:6      | 6717 ||| Stepping randomly (stuck).
  6718 | D:6      | 6718 ||| Stepping randomly (stuck).
  6719 | D:6      | 6719 ||| Stepping randomly (stuck).
  6720 | D:6      | 6720 ||| Stepping randomly (stuck).
  6721 | D:6      | 6721 ||| Stepping randomly (stuck).
  6722 | D:6      | 6722 ||| Stepping randomly (stuck).
  6723 | D:6      | 6723 ||| Stepping randomly (stuck).
  6724 | D:6      | 6724 ||| Stepping randomly (stuck).
  6725 | D:6      | 6725 ||| Stepping randomly (stuck).
  6726 | D:6      | 6726 ||| Stepping randomly (stuck).
  6727 | D:6      | 6727 ||| Stepping randomly (stuck).
  6728 | D:6      | 6728 ||| Stepping randomly (stuck).
  6729 | D:6      | 6729 ||| Stepping randomly (stuck).
  6730 | D:6      | 6730 ||| Stepping randomly (stuck).
  6731 | D:6      | 6731 ||| Stepping randomly (stuck).
  6732 | D:6      | 6732 ||| Stepping randomly (stuck).
  6733 | D:6      | 6733 ||| Stepping randomly (stuck).
  6734 | D:6      | 6734 ||| Stepping randomly (stuck).
  6735 | D:6      | 6735 ||| Stepping randomly (stuck).
  6736 | D:6      | 6736 ||| Stepping randomly (stuck).
  6737 | D:6      | 6737 ||| Stepping randomly (stuck).
  6738 | D:6      | 6738 ||| Stepping randomly (stuck).
  6739 | D:6      | 6739 ||| Stepping randomly (stuck).
  6740 | D:6      | 6740 ||| Stepping randomly (stuck).
  6741 | D:6      | 6741 ||| Stepping randomly (stuck).
  6742 | D:6      | 6742 ||| Stepping randomly (stuck).
  6743 | D:6      | 6743 ||| Stepping randomly (stuck).
  6744 | D:6      | 6744 ||| Stepping randomly (stuck).
  6745 | D:6      | 6745 ||| Stepping randomly (stuck).
  6746 | D:6      | 6746 ||| Stepping randomly (stuck).
  6747 | D:6      | 6747 ||| Stepping randomly (stuck).
  6748 | D:6      | 6748 ||| Stepping randomly (stuck).
  6749 | D:6      | 6749 ||| Stepping randomly (stuck).
  6750 | D:6      | 6750 ||| Stepping randomly (stuck).
  6751 | D:6      | 6751 ||| Stepping randomly (stuck).
  6752 | D:6      | 6752 ||| Stepping randomly (stuck).
  6753 | D:6      | 6753 ||| Stepping randomly (stuck).
  6754 | D:6      | 6754 ||| Stepping randomly (stuck).
  6755 | D:6      | 6755 ||| Stepping randomly (stuck).
  6756 | D:6      | 6756 ||| Stepping randomly (stuck).
  6757 | D:6      | 6757 ||| Stepping randomly (stuck).
  6758 | D:6      | 6758 ||| Stepping randomly (stuck).
  6759 | D:6      | 6759 ||| Stepping randomly (stuck).
  6760 | D:6      | 6760 ||| Stepping randomly (stuck).
  6761 | D:6      | 6761 ||| Stepping randomly (stuck).
  6762 | D:6      | 6762 ||| Stepping randomly (stuck).
  6763 | D:6      | 6763 ||| Stepping randomly (stuck).
  6764 | D:6      | 6764 ||| Stepping randomly (stuck).
  6765 | D:6      | 6765 ||| Stepping randomly (stuck).
  6766 | D:6      | 6766 ||| Stepping randomly (stuck).
  6767 | D:6      | 6767 ||| Stepping randomly (stuck).
  6768 | D:6      | 6768 ||| Stepping randomly (stuck).
  6769 | D:6      | 6769 ||| Stepping randomly (stuck).
  6770 | D:6      | 6770 ||| Stepping randomly (stuck).
  6771 | D:6      | 6771 ||| Stepping randomly (stuck).
  6772 | D:6      | 6772 ||| Stepping randomly (stuck).
  6773 | D:6      | 6773 ||| Stepping randomly (stuck).
  6774 | D:6      | 6774 ||| Stepping randomly (stuck).
  6775 | D:6      | 6775 ||| Stepping randomly (stuck).
  6776 | D:6      | 6776 ||| Stepping randomly (stuck).
  6777 | D:6      | 6777 ||| Stepping randomly (stuck).
  6778 | D:6      | 6778 ||| Stepping randomly (stuck).
  6779 | D:6      | 6779 ||| Stepping randomly (stuck).
  6780 | D:6      | 6780 ||| Stepping randomly (stuck).
  6781 | D:6      | 6781 ||| Stepping randomly (stuck).
  6782 | D:6      | 6782 ||| Stepping randomly (stuck).
  6783 | D:6      | 6783 ||| Stepping randomly (stuck).
  6784 | D:6      | 6784 ||| Stepping randomly (stuck).
  6785 | D:6      | 6785 ||| Stepping randomly (stuck).
  6786 | D:6      | 6786 ||| Stepping randomly (stuck).
  6787 | D:6      | 6787 ||| Stepping randomly (stuck).
  6788 | D:6      | 6788 ||| Stepping randomly (stuck).
  6789 | D:6      | 6789 ||| Stepping randomly (stuck).
  6790 | D:6      | 6790 ||| Stepping randomly (stuck).
  6791 | D:6      | 6791 ||| Stepping randomly (stuck).
  6792 | D:6      | 6792 ||| Stepping randomly (stuck).
  6793 | D:6      | 6793 ||| Stepping randomly (stuck).
  6794 | D:6      | 6794 ||| Stepping randomly (stuck).
  6795 | D:6      | 6795 ||| Stepping randomly (stuck).
  6796 | D:6      | 6796 ||| Stepping randomly (stuck).
  6797 | D:6      | 6797 ||| Stepping randomly (stuck).
  6798 | D:6      | 6798 ||| Stepping randomly (stuck).
  6799 | D:6      | 6799 ||| Stepping randomly (stuck).
  6800 | D:6      | 6800 ||| Stepping randomly (stuck).
  6801 | D:6      | 6801 ||| Stepping randomly (stuck).
  6802 | D:6      | 6802 ||| Stepping randomly (stuck).
  6803 | D:6      | 6803 ||| Stepping randomly (stuck).
  6804 | D:6      | 6804 ||| Stepping randomly (stuck).
  6805 | D:6      | 6805 ||| Stepping randomly (stuck).
  6806 | D:6      | 6806 ||| Stepping randomly (stuck).
  6807 | D:6      | 6807 ||| Stepping randomly (stuck).
  6808 | D:6      | 6808 ||| Stepping randomly (stuck).
  6809 | D:6      | 6809 ||| Stepping randomly (stuck).
  6810 | D:6      | 6810 ||| Stepping randomly (stuck).
  6811 | D:6      | 6811 ||| Stepping randomly (stuck).
  6812 | D:6      | 6812 ||| Stepping randomly (stuck).
  6813 | D:6      | 6813 ||| Stepping randomly (stuck).
  6814 | D:6      | 6814 ||| Stepping randomly (stuck).
  6815 | D:6      | 6815 ||| Stepping randomly (stuck).
  6816 | D:6      | 6816 ||| Stepping randomly (stuck).
  6817 | D:6      | 6817 ||| Stepping randomly (stuck).
  6818 | D:6      | 6818 ||| Stepping randomly (stuck).
  6819 | D:6      | 6819 ||| Stepping randomly (stuck).
  6820 | D:6      | 6820 ||| Stepping randomly (stuck).
  6821 | D:6      | 6821 ||| Stepping randomly (stuck).
  6822 | D:6      | 6822 ||| Stepping randomly (stuck).
  6823 | D:6      | 6823 ||| Stepping randomly (stuck).
  6824 | D:6      | 6824 ||| Stepping randomly (stuck).
  6825 | D:6      | 6825 ||| Stepping randomly (stuck).
  6826 | D:6      | 6826 ||| Stepping randomly (stuck).
  6827 | D:6      | 6827 ||| Stepping randomly (stuck).
  6828 | D:6      | 6828 ||| Stepping randomly (stuck).
  6829 | D:6      | 6829 ||| Stepping randomly (stuck).
  6830 | D:6      | 6830 ||| Stepping randomly (stuck).
  6831 | D:6      | 6831 ||| Stepping randomly (stuck).
  6832 | D:6      | 6832 ||| Stepping randomly (stuck).
  6833 | D:6      | 6833 ||| Stepping randomly (stuck).
  6834 | D:6      | 6834 ||| Stepping randomly (stuck).
  6835 | D:6      | 6835 ||| Stepping randomly (stuck).
  6836 | D:6      | 6836 ||| Stepping randomly (stuck).
  6837 | D:6      | 6837 ||| Stepping randomly (stuck).
  6838 | D:6      | 6838 ||| Stepping randomly (stuck).
  6839 | D:6      | 6839 ||| Stepping randomly (stuck).
  6840 | D:6      | 6840 ||| Stepping randomly (stuck).
  6841 | D:6      | 6841 ||| Stepping randomly (stuck).
  6842 | D:6      | 6842 ||| Stepping randomly (stuck).
  6843 | D:6      | 6843 ||| Stepping randomly (stuck).
  6844 | D:6      | 6844 ||| Stepping randomly (stuck).
  6845 | D:6      | 6845 ||| Stepping randomly (stuck).
  6846 | D:6      | 6846 ||| Stepping randomly (stuck).
  6847 | D:6      | 6847 ||| Stepping randomly (stuck).
  6848 | D:6      | 6848 ||| Stepping randomly (stuck).
  6849 | D:6      | 6849 ||| Stepping randomly (stuck).
  6850 | D:6      | 6850 ||| Stepping randomly (stuck).
  6851 | D:6      | 6851 ||| Stepping randomly (stuck).
  6852 | D:6      | 6852 ||| Stepping randomly (stuck).
  6853 | D:6      | 6853 ||| Stepping randomly (stuck).
  6854 | D:6      | 6854 ||| Stepping randomly (stuck).
  6855 | D:6      | 6855 ||| Stepping randomly (stuck).
  6856 | D:6      | 6856 ||| Stepping randomly (stuck).
  6857 | D:6      | 6857 ||| Stepping randomly (stuck).
  6858 | D:6      | 6858 ||| Stepping randomly (stuck).
  6859 | D:6      | 6859 ||| Stepping randomly (stuck).
  6860 | D:6      | 6860 ||| Stepping randomly (stuck).
  6861 | D:6      | 6861 ||| Stepping randomly (stuck).
  6862 | D:6      | 6862 ||| Stepping randomly (stuck).
  6863 | D:6      | 6863 ||| Stepping randomly (stuck).
  6864 | D:6      | 6864 ||| Stepping randomly (stuck).
  6865 | D:6      | 6865 ||| Stepping randomly (stuck).
  6866 | D:6      | 6866 ||| Stepping randomly (stuck).
  6867 | D:6      | 6867 ||| Stepping randomly (stuck).
  6868 | D:6      | 6868 ||| Stepping randomly (stuck).
  6869 | D:6      | 6869 ||| Stepping randomly (stuck).
  6870 | D:6      | 6870 ||| Stepping randomly (stuck).
  6871 | D:6      | 6871 ||| Stepping randomly (stuck).
  6872 | D:6      | 6872 ||| Stepping randomly (stuck).
  6873 | D:6      | 6873 ||| Stepping randomly (stuck).
  6874 | D:6      | 6874 ||| Stepping randomly (stuck).
  6875 | D:6      | 6875 ||| Stepping randomly (stuck).
  6876 | D:6      | 6876 ||| Stepping randomly (stuck).
  6877 | D:6      | 6877 ||| Stepping randomly (stuck).
  6878 | D:6      | 6878 ||| Stepping randomly (stuck).
  6879 | D:6      | 6879 ||| Stepping randomly (stuck).
  6880 | D:6      | 6880 ||| Stepping randomly (stuck).
  6881 | D:6      | 6881 ||| Stepping randomly (stuck).
  6882 | D:6      | 6882 ||| Stepping randomly (stuck).
  6883 | D:6      | 6883 ||| Stepping randomly (stuck).
  6884 | D:6      | 6884 ||| Stepping randomly (stuck).
  6885 | D:6      | 6885 ||| Stepping randomly (stuck).
  6886 | D:6      | 6886 ||| Stepping randomly (stuck).
  6887 | D:6      | 6887 ||| Stepping randomly (stuck).
  6888 | D:6      | 6888 ||| Stepping randomly (stuck).
  6889 | D:6      | 6889 ||| Stepping randomly (stuck).
  6890 | D:6      | 6890 ||| Stepping randomly (stuck).
  6891 | D:6      | 6891 ||| Stepping randomly (stuck).
  6892 | D:6      | 6892 ||| Stepping randomly (stuck).
  6893 | D:6      | 6893 ||| Stepping randomly (stuck).
  6894 | D:6      | 6894 ||| Stepping randomly (stuck).
  6895 | D:6      | 6895 ||| Stepping randomly (stuck).
  6896 | D:6      | 6896 ||| Stepping randomly (stuck).
  6897 | D:6      | 6897 ||| Stepping randomly (stuck).
  6898 | D:6      | 6898 ||| Stepping randomly (stuck).
  6899 | D:6      | 6899 ||| Stepping randomly (stuck).
  6900 | D:6      | 6900 ||| Stepping randomly (stuck).
  6901 | D:6      | 6901 ||| Stepping randomly (stuck).
  6902 | D:6      | 6902 ||| Stepping randomly (stuck).
  6903 | D:6      | 6903 ||| Stepping randomly (stuck).
  6904 | D:6      | 6904 ||| Stepping randomly (stuck).
  6905 | D:6      | 6905 ||| Stepping randomly (stuck).
  6906 | D:6      | 6906 ||| Stepping randomly (stuck).
  6907 | D:6      | 6907 ||| Stepping randomly (stuck).
  6908 | D:6      | 6908 ||| Stepping randomly (stuck).
  6909 | D:6      | 6909 ||| Stepping randomly (stuck).
  6910 | D:6      | 6910 ||| Stepping randomly (stuck).
  6911 | D:6      | 6911 ||| Stepping randomly (stuck).
  6912 | D:6      | 6912 ||| Stepping randomly (stuck).
  6913 | D:6      | 6913 ||| Stepping randomly (stuck).
  6914 | D:6      | 6914 ||| Stepping randomly (stuck).
  6915 | D:6      | 6915 ||| Stepping randomly (stuck).
  6916 | D:6      | 6916 ||| Stepping randomly (stuck).
  6917 | D:6      | 6917 ||| Stepping randomly (stuck).
  6918 | D:6      | 6918 ||| Stepping randomly (stuck).
  6919 | D:6      | 6919 ||| Stepping randomly (stuck).
  6920 | D:6      | 6920 ||| Stepping randomly (stuck).
  6921 | D:6      | 6921 ||| Stepping randomly (stuck).
  6922 | D:6      | 6922 ||| Stepping randomly (stuck).
  6923 | D:6      | 6923 ||| Stepping randomly (stuck).
  6924 | D:6      | 6924 ||| Stepping randomly (stuck).
  6925 | D:6      | 6925 ||| Stepping randomly (stuck).
  6926 | D:6      | 6926 ||| Stepping randomly (stuck).
  6927 | D:6      | 6927 ||| Stepping randomly (stuck).
  6928 | D:6      | 6928 ||| Stepping randomly (stuck).
  6929 | D:6      | 6929 ||| Stepping randomly (stuck).
  6930 | D:6      | 6930 ||| Stepping randomly (stuck).
  6931 | D:6      | 6931 ||| Stepping randomly (stuck).
  6932 | D:6      | Quit the game

Levels and vault maps discovered:
D:1:      ncdulo_wetmaze, layout_rooms, ebering_ecumenical_altar_box,
          feat_on_display
D:2:      layout_basic, basic_altar, serial_shops,
          nicolae_shop_bloodbath_and_beyond
D:3:      layout_loops_cross, gammafunk_temple_overflow_wave, serial_shops,
          nicolae_shop_behind_doors, grunt_ministairs_13, st_stairs_4,
          minmay_starry_boxes
D:4:      layout_loops_ring, nicolae_gozag_cash_rules_everything_around_me,
          minmay_shop_mass, serial_bayou_ford_a
D:5:      layout_basic, minmay_stone_trees_small,
          minmay_fractal_squares_diagonal_5
D:6:      layout_loops_ring, grunt_dithmenos_smoke_and_mirrors,
          mainiacjoe_overflow_small_starburst, minmay_temple_entry_from_below_a,
          portal_sewer_entry_e, kennysheep_nub, chequers_serial_rivers_marsh

Skill      XL: |  1  2  3  4  5  6  7  8 |
---------------+-------------------------+-----
Axes           | 3 4 5 6 7 8 9 |  9.8
Armour         | 2 3 |  3.3
Shields        | 1 2 |  2.1
Fighting       | 3 4 |  4.0
Throwing       | 2 |  2.0
Dodging        | 3 |  3.0
Spellcasting   | |  2.0
Translocations | |  2.4

Action                   |  1- 3 |  4- 6 |  7- 9 || total
-------------------------+-------+-------+-------++-------
Melee: Hand axe          |    59 |   111 |   142 ||   312
       Kick              |    11 |    30 |    37 ||    78
       Peck              |     5 |    13 |    19 ||    37
       Punch             |       |     1 |       ||     1
Throw: Boomerang         |     7 |       |    16 ||    23
       Javelin           |       |    28 |    30 ||    58
  Use: Scroll            |     7 |     8 |    10 ||    25
       Potion            |     3 |     2 |       ||     5
Armor: Leather armour    |     4 |       |       ||     4
       Chain mail        |    22 |    38 |    51 ||   111
Dodge: Dodged            |    20 |    27 |    43 ||    90
Block: Buckler           |       |     2 |    12 ||    14

Table legend:
 A = Non-vault XP
 B = Vault XP
 C = Vault XP percentage of total XP
 D = Non-vault monster count
 E = Vault monster count
 F = Vault count percentage of total count
                 A         B        C        D         E       F
            +---------+---------+-------+---------+---------+-------
      Total |    1572 |     510 |  24.5 |     113 |      30 |  21.0
            +---------+---------+-------+---------+---------+-------
        D:1 |      22 |       0 |   0.0 |      11 |       0 |   0.0
        D:2 |      53 |       0 |   0.0 |      16 |       0 |   0.0
        D:3 |      81 |      33 |  28.9 |      16 |       6 |  27.3
        D:4 |     348 |       0 |   0.0 |      30 |       0 |   0.0
        D:5 |     366 |     361 |  49.7 |      23 |       6 |  20.7
        D:6 |     702 |      34 |   4.6 |      17 |       8 |  32.0
      Sewer |       0 |      82 | 100.0 |       0 |      10 | 100.0
            +---------+---------+-------+---------+---------+-------
